 Dungeon Crawl Stone Soup version 0.27.1-3-gb3d3a73c9e (webtiles) character file.

Game seed: 10505489426190430919

72 Descartes the Covered (level 4, -12/35 HPs)
             Began as a Formicid Wanderer on Oct 16, 2021.
             Mangled by Crazy Yiuf (20 damage)
             ... on level 2 of the Dungeon.
             The game lasted 00:03:24 (2006 turns).

Descartes the Covered (Formicid Wanderer)           Turns: 2006, Time: 00:03:26

Health: -12/35     AC:  9    Str: 18    XL:     4   Next: 50%
Magic:  4/4        EV:  9    Int: 10    God:
Gold:   103        SH:  6    Dex: 11    Spells: 3/3 levels left

rFire    . . .     SeeInvis +   k - +0 rapier
rCold    . . .     Faith    .   n - +2 buckler
rNeg     . . .     Spirit   .   b - +2 scale mail
rPois    .         Reflect  .   (helmet unavailable)
rElec    .         Harm     +   e - scarf {harm}
rCorr    .         Rampage  .   (no gloves)
Will     .....                  (no boots)
Stlth    ..........             (no amulet)
HPRegen  0.11/turn              (no ring)
MPRegen  0.09/turn              (no ring)

@: no status effects
A: permanent stasis, dig shafts and tunnels, antennae 3, four strong arms
a: Dig, Shaft Self


You were on level 2 of the Dungeon.
You visited 1 branch of the dungeon, and saw 2 of its levels.

You collected 103 gold pieces.

Inventory:

Hand Weapons
 a - a +0 short sword
 k - a +0 rapier (weapon)
Missiles
 f - 31 sling bullets
 h - 29 arrows
 i - 17 poisoned darts
 j - 3 boomerangs
 l - 94 stones
 o - 3 atropa-tipped darts
Armour
 b - a +2 scale mail (worn)
 e - a scarf of harm (worn)
 n - a +2 buckler (worn)
Scrolls
 d - a scroll of identify {unknown}
 m - a scroll of enchant weapon {unknown}
 q - a scroll of vulnerability {unknown}
Potions
 c - a potion of lignification
 g - a potion of curing {unknown}
 p - a potion of heal wounds {unknown}


   Skills:
 - Level 3.2 Fighting
 - Level 1.0 Short Blades
 - Level 1.0 Crossbows
 + Level 4.4 Armour
 + Level 4.1 Shields
 + Level 0.4 Earth Magic


You had 3 spell levels left.
You didn't know any spells.
Your spell library contained the following spells:

 Spells                   Type           Power      Damage    Failure   Level
 Sublimation of Blood     Necr           0%         N/A       86%         2
 Wereblood                Tmut           0%         N/A       86%         2
 Leda's Liquefaction      Hex/Erth       0%         N/A       100%        4
 Bolt of Magma            Conj/Fire/Erth 0%         4d4       100%        5
 Statue Form              Tmut/Erth      0%         N/A       100%        6
 Summon Hydra             Summ           0%         N/A       100%        7


Dungeon Overview and Level Annotations

Branches:
Dungeon (2/15)

Altars:

Annotations:
D:2 Crazy Yiuf


Innate Abilities, Weirdness & Mutations

You cannot be hasted, slowed, berserked, paralysed or teleported.
You can dig through walls and to a lower floor.
You have a pair of large antennae on your head. (SInv)
Your four strong arms can wield two-handed weapons with a shield.


Message History

No target in view!
No target in view!
No target in view!
No target in view!
You now have 103 gold pieces (gained 9).
Found a stone staircase leading up.
You open the door.
There is an open door here.
You open the door.
Found a white potion and a scroll labelled XUGORR YPUEGG.
There is an open door here.
p - a white potion
q - a scroll labelled XUGORR YPUEGG You open the door.
There is an open door here.
l - 94 stones (gained 27)
Found a stone staircase leading down.
There is a stone staircase leading down here.
Found a mace.
Found a runed translucent door.
Crazy Yiuf shouts!
Crazy Yiuf says, "Whiteboard bag fast!"
You open the door. You barely miss Crazy Yiuf.
Crazy Yiuf hits you with a +4 quarterstaff of chaos!
Crazy Yiuf freezes you.
You hit Crazy Yiuf but do no damage.
Crazy Yiuf hits you with a +4 quarterstaff of chaos!
You resist with some effort.
You hit Crazy Yiuf but do no damage. You block Crazy Yiuf's attack.
You hit Crazy Yiuf but do no damage.
Crazy Yiuf says, "Leather!
Two foot sallow."
Crazy Yiuf hits you but does no damage.
You hit Crazy Yiuf.
Crazy Yiuf is moderately wounded.
You block Crazy Yiuf's attack.
Crazy Yiuf hits you with a +4 quarterstaff of chaos.
* * * LOW HITPOINT WARNING * * *
Space warps horribly around you!
Ouch! That really hurt!
You die...

#..............
#..#
#..............
##.#
#..............
#.# #
#......########
#.# # #.######
#.# ###.#
♣♣♣♣♣###.# .##.#
### ♣♣♣.♣....#.#
.##.#
#...#♣..♣.PP....#
.##.#
#...g@♣♣♣♣......#
..#.# #)..#♣♣
♣♣P...## #.#.#
### ♣♣#### #'#.#
....# ....##
.....# .....#
†....#


You could see Crazy Yiuf.

Vanquished Creatures
  3 gnolls
  A dart slug (D:2)
  3 ball pythons
  4 bats
  3 endoplasms (D:1)
  A giant cockroach (D:1)
  3 goblins (D:1)
  4 hobgoblins (D:1)
  7 jackals
  A quokka (D:2)
  4 frilled lizards
  2 kobolds (D:1)
  4 rats
40 creatures vanquished.

Notes
Turn   | Place    | Note
-------+----------+-------------------------------------------
     0 | D:1      | Descartes the Formicid Wanderer began the quest for the
                  | Orb.
     0 | D:1      | Descartes set off with the following items: a +0 short
                  | sword, a +2 scale mail, a potion of lignification
     0 | D:1      | Reached XP level 1. HP: 18/18 MP: 1/1
   186 | D:1      | Reached XP level 2. HP: 16/24 MP: 2/2
   805 | D:1      | Found a faded altar of an unknown god.
   810 | D:1      | Reached XP level 3. HP: 21/29 MP: 3/3
  1317 | D:1      | Reached XP level 4. HP: 23/35 MP: 4/4
  1997 | D:2      | Found a runed translucent door.
  1998 | D:2      | Noticed Crazy Yiuf
  2006 | D:2      | Mangled by Crazy Yiuf

Illustrated notes

Levels and vault maps discovered:
D:1:      lemuel_arrival_river_ford, layout_loops_ring,
          shapermc_ecumenical_altar_pompeii, minmay_tromino_i2
D:2:      layout_basic, uniq_crazy_yiuf_cottage

Skill      XL: |  1  2  3  4 |
---------------+-------------+-----
Shields        | 3 4 |  4.1
Armour         | 4 |  4.4
Fighting       | |  3.2
Short Blades   | |  1.0
Crossbows      | |  1.0
Earth Magic    | |  0.4

Action                   |  1- 3 |  4- 6 || total
-------------------------+-------+-------++-------
Melee: Short sword       |    96 |       ||    96
       Rapier            |    15 |    44 ||    59
 Abil: Dig               |       |     1 ||     1
Armor: Scale mail        |    69 |    22 ||    91
Dodge: Dodged            |    67 |    15 ||    82
Block: Buckler           |       |     7 ||     7
